 Dungeon Crawl Stone Soup version 0.21-a0-364-gbd1fde4 (webtiles) character file.

219 Hasart the Stinger (level 5, -2/31 HPs)
             Began as an Octopode Venom Mage on Oct 14, 2017.
             Slain by a worker ant (4 damage)
             ... on level 3 of the Dungeon.
             The game lasted 00:08:20 (4298 turns).

Hasart the Stinger (Octopode Venom Mage)            Turns: 4298, Time: 00:08:20

Health: -2/31      AC:  1    Str:  8    XL:     5   Next: 96%
Magic:  2/9        EV: 13    Int: 18    God:
Gold:   182        SH:  0    Dex: 12    Spells: 3/10 levels left

rFire    . . .     SeeInvis .   i - +0 dagger
rCold    . . .     Gourm    .   (no shield)
rNeg     . . .     Faith    .   (helmet restricted)
rPois    .         Spirit   .   (no amulet)
rElec    .         Reflect  .   (no ring)
rCorr    .         Harm     .   (no ring)
MR       .....                  (no ring)
Stlth    +++.......             (no ring)
HPRegen  0.10/turn              (no ring)
MPRegen  0.11/turn              (no ring)
                                (no ring)
                                (no ring)

@: no status effects
A: almost no armour, stealthy swim, amphibious, 8 rings, constrict 8, camouflage
1, gelatinous body 1
a: no special abilities


You were on level 3 of the Dungeon.
You were not hungry.

You visited 1 branch of the dungeon, and saw 4 of its levels.

You collected 182 gold pieces.

Inventory:

Hand Weapons
 i - a +0 dagger (weapon)
Scrolls
 c - a scroll of immolation {unknown}
 d - a scroll of teleportation {unknown}
 e - 4 scrolls of identify {unknown}
 j - 3 scrolls of remove curse {unknown}
 k - a scroll of enchant armour {unknown}
 n - 2 scrolls of noise {unknown}
Potions
 h - a potion of agility {unknown}
 l - a potion of haste {unknown}
 m - a potion of heal wounds {unknown}
 o - a potion of cancellation {unknown}
Books
 a - a Young Poisoner's Handbook

   Spells                             Type                      Level
   a - Sting                          Conjuration/Poison           1
   b - Poisonous Vapours              Poison/Air                   2
   c - Mephitic Cloud                 Conjuration/Poison/Air       3
   d - Olgreb's Toxic Radiance        Poison                       4
   e - Venom Bolt                     Conjuration/Poison           5
Comestibles
 b - 3 bread rations
 f - a royal jelly
 g - 6 fruits


   Skills:
 - Level 2.0 Dodging
 - Level 2.6 Stealth
 + Level 3.2 Spellcasting
 + Level 2.8 Conjurations
 * Level 6.0 Poison Magic


You had 3 spell levels left.
You knew the following spells:

 Your Spells              Type           Power        Failure   Level  Hunger
a - Sting                 Conj/Pois      ###.         2%          1    None
b - Poisonous Vapours     Pois/Air       ##....       7%          2    ##.....
c - Olgreb's Toxic Radia  Pois           ###.....     13%         4    ####...


Dungeon Overview and Level Annotations

Branches:
Dungeon (4/15)
 Temple: D:4-7

Altars:
Kikubaaqudgha
Nemelex Xobeh
Yredelemnul


Innate Abilities, Weirdness & Mutations

You cannot wear most types of armour.
You are very stealthy in the water. (Stealth+)
You are amphibious.
You can wear up to eight rings at the same time.
You can use your tentacles to constrict eight enemies at once.
Your skin changes colour to match your surroundings (Stealth+).
Your rubbery body absorbs attacks. (AC +1, EV +1)


Message History

The ooze is moderately wounded.
The orc hits you with a dagger. The worker ant bites you.
* * * LOW HITPOINT WARNING * * *
The ooze closely misses you.
Unknown command.
The worker ant bites you.
* * * LOW HITPOINT WARNING * * *
The orc hits you with a dagger.
* * * LOW HITPOINT WARNING * * *
The ooze barely misses you.
You climb upwards.
There is a stone staircase leading down here.
Unknown command.
Unknown command.
Unknown command.
The orc hits you but does no damage. The ooze hits you.
* * * LOW HITPOINT WARNING * * *
Unknown command.
The worker ant bites you.
You die...

### ##.## ##########.#.##
#.........###.##########
#..#######@#....)()...(#
#..# #.ao###.#####<#
#######..#######.#J......#
#.#
..................).##)#)#
#.####
#######.#.######.#.###.#.#
#.##.. #.#.# #.#.###.#.#
#.##.# #.#.######.......#.#
###...
#............#####.####....
###.########## #...#.....


You could see a worker ant, an ooze and an orc.

Vanquished Creatures
  An orc wizard (D:3)
  An orc priest (D:4)
  3 gnolls (D:3)
  An ooze (D:3)
  3 worms
  4 dart slugs
  2 leopard geckos
  11 orcs (D:3)
  3 ball pythons
  4 giant cockroaches
  12 goblins
  10 hobgoblins
  20 bats
  12 frilled lizards
  9 kobolds
  9 rats
105 creatures vanquished.

Notes
Turn   | Place    | Note
-------+----------+-------------------------------------------
     0 | D:1      | Hasart the Octopode Venom Mage began the quest for the Orb.
     0 | D:1      | Reached XP level 1. HP: 11/11 MP: 3/3
   160 | D:1      | Reached skill level 4 in Poison Magic
   160 | D:1      | Reached XP level 2. HP: 12/17 MP: 5/5
   302 | D:1      | Learned a level 2 spell: Poisonous Vapours
  1031 | D:1      | Reached XP level 3. HP: 20/21 MP: 6/6
  2178 | D:2      | Reached XP level 4. HP: 27/27 MP: 3/7
  2576 | D:3      | Reached skill level 5 in Poison Magic
  2779 | D:3      | Found an ancient bone altar of Kikubaaqudgha.
  2803 | D:3      | Found a basalt altar of Yredelemnul.
  2918 | D:3      | Learned a level 4 spell: Olgreb's Toxic Radiance
  3002 | D:3      | Reached XP level 5. HP: 20/31 MP: 1/9
  3399 | D:3      | Found a sparkling altar of Nemelex Xobeh.
  4290 | D:4      | Reached skill level 6 in Poison Magic
  4298 | D:3      | Slain by a worker ant

Vault maps used:
D:1:      arrival_zaba_pyramid, minmay_misc_feat_nine_boxes,
          minmay_rat_gold_closets
D:3:      nemelex_xobeh_ov_fountains_minmay, lemuel_round_altar, first_bread,
          roderic_batcave, yredelemnul_altar_generic
D:4:      serial_shops, nicolae_shop_trees, nicolae_shop_trees, shop, shop,
          shop, enter_ossuary_4, grunt_ministairs_3,
          nicolae_tso_carved_into_rock, uniq_pikel

Skill      XL: |  1  2  3  4  5 |
---------------+----------------+-----
Poison Magic   | 4 5 6 |  6.0
Conjurations   | 2 |  2.8
Spellcasting   | 3 |  3.2
Dodging        | |  2.0
Stealth        | |  2.6

Action                   |  1- 3 |  4- 6 || total
-------------------------+-------+-------++-------
Melee: Unarmed           |    77 |       ||    77
       Constrict         |    28 |    37 ||    65
       Tentacles         |    18 |    25 ||    43
       Dagger            |    13 |   139 ||   152
 Cast: Sting             |    19 |     7 ||    26
       Poisonous Vapours |     4 |    27 ||    31
 Stab: Sleeping          |    14 |     5 ||    19
       Distracted        |     1 |       ||     1
  Eat: Chunk             |     4 |     9 ||    13
Armor: Skin              |    10 |    40 ||    50
Dodge: Dodged            |    57 |   186 ||   243

Table legend:
 A = Spawn XP
 B = Non-spawn XP
 C = Spawn XP percentage of total XP
 D = Spawn monster count
 E = Non-spawn monster count
 F = Spawn count percentage of total count
 G = Total turns spent on level
                    A         B        C        D         E        F      G
               +---------+---------+-------+---------+---------+-------+---------
         Total |       0 |     313 |   0.0 |       0 |     105 |   0.0 |  4298
               +---------+---------+-------+---------+---------+-------+---------
           D:1 |       0 |      37 |   0.0 |       0 |      25 |   0.0 |  1214
           D:2 |       0 |      55 |   0.0 |       0 |      30 |   0.0 |  1333
           D:3 |       0 |     183 |   0.0 |       0 |      49 |   0.0 |  1742
           D:4 |       0 |      38 |   0.0 |       0 |       1 |   0.0 |     9
               +---------+---------+-------+---------+---------+-------+---------
